 Dungeon Crawl Stone Soup version 0.30-a0-853-g561648f (webtiles) character file.

Game seed: 10469703660407281012

139 Dorkslayer the Trooper (level 5, -1/42 HPs)
             Began as a Merfolk Fighter on Mar 4, 2023.
             Slain by an orc priest
             ... wielding a +0 flail
              (7 damage)
             ... on level 3 of the Dungeon.
             The game lasted 00:05:58 (1642 turns).

Dorkslayer the Trooper (Merfolk Fighter)            Turns: 1642, Time: 00:05:59

Health: -1/42      AC:  6    Str: 18    XL:     5   Next: 22%
Magic:  5/5        EV: 10    Int:  7    God:
Gold:   101        SH:  5    Dex: 14    Spells: 4/4 levels left

rFire   . . .      SeeInvis .    a - +0 trident
rCold   . . .      Faith    .    c - +0 buckler
rNeg    . . .      Spirit   .    b - +0 scale mail
rPois   .          Reflect  .    (no helmet)
rElec   .          Rampage  .    (no cloak)
rCorr   .                        (no gloves)
Will    .....                    (no boots) Stlth
                                 (no amulet)
HPRegen 0.27/turn                (no ring)
MPRegen 0.09/turn                (no ring)

@: no status effects
A: (nimble swimmer 2), mertail
a: no special abilities


You were on level 3 of the Dungeon.
You visited 1 branch of the dungeon, and saw 3 of its levels.

You collected 101 gold pieces.

Inventory:

Hand Weapons
 a - a +0 trident (weapon)
Armour
 b - a +0 scale mail (worn)
 c - a +0 buckler (worn)
Wands
 n - a wand of polymorph (5)
 s - a wand of digging (5)
Scrolls
 f - a scroll of blinking {unknown}
 i - a scroll of teleportation {unknown}
 j - 3 scrolls of amnesia {unknown}
 k - a scroll of poison {unknown}
 l - a scroll of enchant weapon {unknown}
 m - a scroll of summoning {unknown}
 p - a scroll of fear {unknown}
 q - 2 scrolls of identify {unknown}
Potions
 d - a potion of might
 e - a potion of mutation {unknown}
 g - a potion of resistance {unknown}
 h - a potion of brilliance {unknown}
 o - 2 potions of curing {unknown}
 r - a potion of haste {unknown}


   Skills:
 + Level 3.8 Fighting
 + Level 3.6 Polearms
 + Level 2.6 Armour
 * Level 3.1 Dodging
 + Level 3.6 Shields
 * Level 1.0 Evocations


You had 4 spell levels left.
You didn't know any spells.
Your spell library was empty.

Dungeon Overview and Level Annotations

Branches:
Dungeon (3/15)

Altars:


Innate Abilities, Weirdness & Mutations

((You are very nimble when in or above water. (Stealth+, EV+, Speed+++)))
Your lower body shifts to a powerful aquatic tail in water.


Message History

You hit the orc.
You kill the orc!
The orc hits you with a +0 whip.
Your Evocations skill increases to level 1!
You hit the orc.
The orc is heavily wounded.
You puncture the orc!
You kill the orc!
The orc barely misses you.
You completely miss the orc priest. The orc barely misses you.
The orc priest hits you with a +0 flail.
You barely miss the orc priest. The orc hits you with a +0 whip.
The orc priest looks encouraged for a moment.
You puncture the orc priest!
The orc priest is heavily wounded.
The orc hits you with a +0 whip.
The orc priest calls down the wrath of Beogh upon you.
Beogh smites you!
You hit the orc priest.
The orc priest is heavily wounded.
You block the orc's attack. You block the orc priest's attack.
The orc priest closely misses you. The orc misses you.
You closely miss the orc priest.
The orc priest is heavily wounded.
The orc hits you with a +0 whip.
* * * LOW HITPOINT WARNING * * *
The orc priest hits you with a +0 flail.
* * * LOW HITPOINT WARNING * * *
You closely miss the orc priest.
The orc priest is heavily wounded.
The orc barely misses you. The orc priest misses you.
You barely miss the orc priest.
The orc priest is heavily wounded.
The orc closely misses you.
The orc priest hits you but does no damage.
You hit the orc priest.
The orc priest is severely wounded.
The orc hits you but does no damage.
The orc priest hits you with a +0 flail!
You die...

#....#.###..#####.#####....
#......# ##........# .#..
#(...### #.######..# .#.#
#....######.## ...#
#....#...##..# ....#
#..........#............
#....#...#.#####.....#...
#.)..#...#o.........#..#.
#....#...o@.#######.
######...##.........
#...##########. #...#
#....# ####).# #o# .. #.#


You could see an orc priest and an orc.

Vanquished Creatures
  Ijyb (D:3)
  A gnoll (D:1)
  3 adders (D:2)
  2 dart slugs
  3 orcs (D:3)
  5 ball pythons
  6 bats
  6 endoplasms
  3 giant cockroaches
  7 goblins
  9 hobgoblins
  2 jackals (D:1)
  2 quokkas
  3 frilled lizards (D:1)
  7 kobolds
  3 rats
63 creatures vanquished.

Notes
Turn   | Place    | Note
-------+----------+-------------------------------------------
     0 | D:1      | Dorkslayer the Merfolk Fighter began the quest for the Orb.
     0 | D:1      | Reached XP level 1. HP: 18/18 MP: 1/1
    89 | D:1      | Reached skill level 1 in Dodging
    89 | D:1      | Reached XP level 2. HP: 24/24 MP: 2/2
   395 | D:1      | Found a faded altar of an unknown god.
   425 | D:1      | Reached XP level 3. HP: 29/29 MP: 3/3
   953 | D:2      | Reached XP level 4. HP: 33/36 MP: 4/4
  1415 | D:3      | Noticed Ijyb
  1456 | D:3      | Killed Ijyb
  1457 | D:3      | Reached XP level 5. HP: 25/42 MP: 5/5
  1633 | D:3      | Reached skill level 1 in Evocations
  1642 | D:3      | Slain by an orc priest

Illustrated notes

Levels and vault maps discovered:
D:1:      mrwooster_arrival_statue, layout_basic, basic_ecumenical_altar,
          minmay_3d_cube
D:2:      layout_basic
D:3:      layout_rooms, grunt_ministairs_7, uniq_ijyb

Skill      XL: |  1  2  3  4  5 |
---------------+----------------+-----
Dodging        | 1 2 3 |  3.1
Polearms       | 3 |  3.6
Evocations     | 1 |  1.0
Fighting       | |  3.8
Armour         | |  2.6
Shields        | |  3.6

Action                     |  1- 3 |  4- 6 || total
---------------------------+-------+-------++-------
  Melee: Trident           |   112 |   135 ||   247
 Armour: Scale mail        |    55 |    42 ||    97
  Dodge: Dodged            |    51 |    66 ||   117
  Block: Buckler           |    18 |    34 ||    52

Table legend: (Time is in decaauts)
 A = Elapsed time spent in this place.
 B = Non-inter-level travel time spent in this place.
 C = Inter-level travel time spent in this place.
 D = Time resting spent in this place.
 E = Time spent auto-exploring this place.
 F = Levels seen in this place.
 G = Mean time per level.
                   A        B        C        D        E       F      G
               +--------+--------+--------+--------+--------+-----+--------+
         Total |   1684 |   1684 |      0 |     10 |    533 |   3 |  561.3 |
       Dungeon |   1684 |   1684 |      0 |     10 |    533 |   3 |  561.3 |
               +--------+--------+--------+--------+--------+-----+--------+

Top non-repeatable levels by time:
     D:1: 800 daAuts
     D:2: 577 daAuts
     D:3: 307 daAuts
